 Dungeon Crawl Stone Soup version 0.30-a0-778-g2ef04afb54 (webtiles) character file.

Game seed: 15732437672897252909

459 GilGalad the Covered (level 6, -3/56 HPs)
             Began as a Minotaur Fighter on Feb 17, 2023.
             Slain by an ogre
             ... wielding a +0 giant spiked club
              (11 damage)
             ... on level 4 of the Dungeon.
             The game lasted 00:08:01 (2998 turns).

GilGalad the Covered (Minotaur Fighter)             Turns: 2998, Time: 00:08:01

Health: -3/56      AC: 13    Str: 28    XL:     6   Next: 78%
Magic:  5/5        EV:  7    Int:  7    God:
Gold:   198        SH:  5    Dex: 10    Spells: 5/5 levels left

rFire   . . .      SeeInvis .    B - +4 dagger of Wigimy {pain, Str+6 Int+2}
rCold   . . .      Faith    .    c - +0 buckler
rNeg    . . .      Spirit   .    f - +0 plate armour
rPois   .          Reflect  .    (helmet restricted)
rElec   .          Harm     .    (no cloak)
rCorr   .          Rampage  .    (no gloves)
Will    .....                    A - +0 pair of boots Stlth
                                 t - amulet of the acrobat
HPRegen 0.29/turn                (no ring)
MPRegen 0.09/turn                (no ring)

@: no status effects
A: horns 2, retaliatory headbutt
a: no special abilities


You were on level 4 of the Dungeon.
You visited 1 branch of the dungeon, and saw 4 of its levels.

You collected 198 gold pieces.

Inventory:

Hand Weapons
 a - a +1 whip of electrocution
 b - a +1 hand axe of freezing
 o - a +3 spear
 p - a +0 war axe
 w - a +4 quarterstaff of chaos
 B - the +4 dagger of Wigimy (weapon) {pain, Str+6 Int+2}
   (You found it on level 3 of the Dungeon)

   Str:       It affects your strength (+6).
   Int:       It affects your intelligence (+2).
Missiles
 h - 10 poisoned darts (quivered)
Armour
 c - a +0 buckler (worn)
 e - a +0 scale mail
 f - a +0 plate armour (worn)
 A - a +0 pair of boots (worn)
Jewellery
 s - a +6 ring of intelligence
 t - an amulet of the acrobat (around neck)
 u - an amulet of faith
 y - a ring of see invisible
 F - an amulet of regeneration
Wands
 E - a wand of iceblast (6)
Scrolls
 i - a scroll of fog {unknown}
 j - 5 scrolls of identify {unknown}
 k - 4 scrolls of teleportation {unknown}
 n - a scroll of poison {unknown}
 q - 2 scrolls of amnesia {unknown}
 r - a scroll of magic mapping {unknown}
 D - a scroll of fear {unknown}
 G - a scroll of summoning {unknown}
Potions
 d - a potion of might
 g - 3 potions of degeneration {unknown}
 l - a potion of haste {unknown}
 m - 2 potions of curing {unknown}
 v - a potion of brilliance {unknown}
 x - a potion of invisibility {unknown}
 z - a potion of resistance {unknown}
 C - a potion of attraction {unknown}


   Skills:
 + Level 5.5 Fighting
 + Level 4.9 Axes
 + Level 5.6 Armour
 + Level 5.5 Shields


You had 5 spell levels left.
You didn't know any spells.
Your spell library was empty.

Dungeon Overview and Level Annotations

Branches:
Dungeon (4/15)
 Temple: D:4-7

Altars:
Ashenzari
Dithmenos
Vehumet
Xom

Annotations:
D:4 2 runed translucent doors


Innate Abilities, Weirdness & Mutations

You have a pair of horns on your head.
You reflexively headbutt those who attack you in melee.


Message History

An ogre comes into view. It is wielding a +0 giant spiked club.
The ogre shouts!
An ogre is nearby!
You barely miss the ogre. Your headbutt misses the ogre.
You block the ogre's attack.
You hit the ogre.
The ogre is lightly wounded.
You puncture the ogre! Your headbutt misses the ogre.
The ogre is moderately wounded.
The ogre hits you with a +0 giant spiked club!
You hit the ogre.
The ogre is heavily wounded.
The ogre barely misses you.
You hit the ogre.
The ogre is severely wounded.
You completely miss the ogre.
The ogre is severely wounded.
The ogre hits you with a +0 giant spiked club!
You hit the ogre.
The ogre is severely wounded.
You block the ogre's attack.
You hit the ogre. Your headbutt misses the ogre.
The ogre is almost dead.
You hit the ogre.
The ogre is almost dead.
The ogre hits you with a +0 giant spiked club!!
Ouch! That really hurt!
* * * LOW HITPOINT WARNING * * *
You barely miss the ogre.
The ogre is almost dead.
The ogre barely misses you.
You hit the ogre. Your headbutt misses the ogre.
The ogre is almost dead.
You hit the ogre. Your headbutt misses the ogre.
The ogre is almost dead.
You block the ogre's attack.
You barely miss the ogre.
The ogre is almost dead.
The ogre hits you with a +0 giant spiked club!
You die...

#..##..# #.###)#.#.###.# #<
#..##..# #.##.......##.# ##
...##..# #.###.#.#.###.######
###.###.# #.##.......##.......
###.###.###.###.#.#.###.######
...<..........................
###.###.###.########.#########
##.###.########.#
.........@O......#
###.###.########.# ....... ...
#####.# ### #.# ###


You could see an ogre.

Vanquished Creatures
  Blork the orc (D:4)
  Crazy Yiuf (D:2)
  Natasha (twice) (D:2)
  2 orc wizards (D:3)
  Robin (D:2)
  9 adders
  7 gnolls
  3 dart slugs
  7 orcs
  7 ball pythons
  7 endoplasms
  3 giant cockroaches
  6 hobgoblins
  4 quokkas
  6 bats
  4 frilled lizards
  16 goblins
  11 kobolds
  10 rats
107 creatures vanquished.

Vanquished Creatures (others)
  15 plants
15 creatures vanquished.

Grand Total: 122 creatures vanquished

Notes
Turn   | Place    | Note
-------+----------+-------------------------------------------
     0 | D:1      | GilGalad the Minotaur Fighter began the quest for the Orb.
     0 | D:1      | Reached XP level 1. HP: 19/19 MP: 0/0
   132 | D:1      | Reached XP level 2. HP: 27/27 MP: 1/1
   409 | D:1      | Reached XP level 3. HP: 32/33 MP: 2/2
   889 | D:1      | Reached XP level 4. HP: 36/41 MP: 3/3
  1047 | D:2      | Noticed Robin
  1054 | D:2      | Killed Robin
  1066 | D:2      | Reached XP level 5. HP: 31/47 MP: 4/4
  1217 | D:2      | Noticed Natasha
  1225 | D:2      | Killed Natasha
  1369 | D:2      | Noticed Natasha
  1372 | D:2      | Killed Natasha
  1373 | D:2      | Reached skill level 5 in Fighting
  1373 | D:2      | Reached skill level 5 in Armour
  1373 | D:2      | Reached skill level 5 in Shields
  1435 | D:2      | Found a runed translucent door.
  1436 | D:2      | Noticed Crazy Yiuf
  1561 | D:2      | Killed Crazy Yiuf
  1613 | D:2      | Reached XP level 6. HP: 52/56 MP: 5/5
  1770 | D:3      | Found a shadowy altar of Dithmenos.
  2130 | D:3      | Found a radiant altar of Vehumet.
  2336 | D:3      | Identified the +4 dagger of Wigimy {pain, Str+6 Int+2}
  2671 | D:4      | Found a broken altar of Ashenzari.
  2717 | D:4      | Noticed Blork the orc
  2733 | D:4      | Killed Blork the orc
  2911 | D:4      | Found a large runed translucent door.
  2911 | D:4      | Found a large runed translucent door.
  2915 | D:4      | Found a shimmering altar of Xom.
  2998 | D:4      | Slain by an ogre

Illustrated notes

Levels and vault maps discovered:
D:1:      dpeg_arrival_rooms_a, layout_rooms, serial_curves, eino_curves_01,
          eino_curves_03, minmay_door_square, chequers_serial_rivers_micro_c,
          lexackson_kobold_supper
D:2:      layout_rooms, uniq_crazy_yiuf_cottage, uniq_robin, uniq_natasha
D:3:      layout_loops_ring, mainiacjoe_overflow_paths,
          mainiacjoe_overflow_alcove_4
D:4:      due_chaos_kobolds, layout_basic, nicolae_ashenzari_panopticon,
          st_stairs_12, kennysheep_another_room, uniq_blork_the_orc

Skill      XL: |  1  2  3  4  5 |
---------------+----------------+-----
Shields        | 4 5 |  5.5
Fighting       | 4 5 |  5.5
Armour         | 4 5 |  5.6
Axes           | 3 4 |  4.9

Action                     |  1- 3 |  4- 6 || total
---------------------------+-------+-------++-------
  Melee: Hand axe          |    55 |    22 ||    77
         Headbutt          |    14 |    22 ||    36
         Spear             |    24 |     6 ||    30
         Whip              |       |    99 ||    99
         Dagger            |       |    39 ||    39
 Armour: Plate armour      |    43 |    82 ||   125
  Dodge: Dodged            |    21 |    57 ||    78
  Block: Buckler           |    17 |    33 ||    50

Table legend: (Time is in decaauts)
 A = Elapsed time spent in this place.
 B = Non-inter-level travel time spent in this place.
 C = Inter-level travel time spent in this place.
 D = Time resting spent in this place.
 E = Time spent auto-exploring this place.
 F = Levels seen in this place.
 G = Mean time per level.
                   A        B        C        D        E       F      G
               +--------+--------+--------+--------+--------+-----+--------+
         Total |   3016 |   2868 |    148 |      0 |   2247 |   4 |  754.0 |
       Dungeon |   3016 |   2868 |    148 |      0 |   2247 |   4 |  754.0 |
               +--------+--------+--------+--------+--------+-----+--------+

Top non-repeatable levels by time:
     D:1: 955 daAuts
     D:3: 817 daAuts
     D:2: 686 daAuts
     D:4: 558 daAuts
